 Dungeon Crawl Stone Soup version 0.28.0-45-g0d030f2227 (webtiles) character file.

Game seed: 6732464899219027535

35 NinjaNoafa the Firebug (level 3, 0/26 HPs)
             Began as a Draconian Fire Elementalist on Apr 19, 2022.
             Slain by a goblin
             ... wielding a +0 dagger
             ... led by Robin
              (2 damage)
             ... on level 2 of the Dungeon.
             The game lasted 00:02:42 (1435 turns).

NinjaNoafa the Firebug (DrFE)                       Turns: 1435, Time: 00:02:43

Health: 0/26       AC:  5    Str: 10    XL:     3   Next: 17%
Magic:  5/6        EV: 12    Int: 17    God:
Gold:   52         SH:  0    Dex: 11    Spells: 3/6 levels left

rFire   . . .      SeeInvis .   (no weapon)
rCold   . . .      Faith    .   (no shield)
rNeg    . . .      Spirit   .   (armour unavailable)
rPois   .          Reflect  .   (helmet restricted)
rElec   .          Harm     .   (no cloak)
rCorr   .          Rampage  .   (no gloves)
Will    .....                   (no boots)
Stlth   ++........              (no amulet)
HPRegen 0.08/turn               (no ring)
MPRegen 0.10/turn               (no ring)

@: hasted, very quick
A: AC +5, unfitting armour, cold-blooded
a: no special abilities


You were on level 2 of the Dungeon.
You visited 1 branch of the dungeon, and saw 2 of its levels.

You collected 52 gold pieces.

Inventory:

Hand Weapons
 d - a +0 dagger
Missiles
 e - 6 boomerangs (quivered)
Scrolls
 c - a scroll of identify {unknown}


   Skills:
 + Level 2.2 Dodging
 - Level 1.7 Stealth
 + Level 2.4 Spellcasting
 + Level 1.7 Conjurations
 + Level 3.3 Fire Magic


You had 3 spell levels left.
You knew the following spells:

 Your Spells              Type           Power      Damage    Failure   Level
a - Foxfire               Conj/Fire      40%        2x1d6     6%          1
b - Scorch                Fire           26%        2d6       7%          2

Your spell library contained the following spells:

 Spells                   Type           Power      Damage    Failure   Level
 Conjure Flame            Conj/Fire      10%        6-21      19%         3
 Inner Flame              Hex/Fire       7%         N/A       28%         3
 Flame Wave               Conj/Fire      10%        2d5       54%         4


Dungeon Overview and Level Annotations

Branches:
Dungeon (2/15)

Altars:

Annotations:
D:2 Robin


Innate Abilities, Weirdness & Mutations

Your plain brown scales are hard. (AC +5)
You cannot fit into any form of body armour.
You are cold-blooded and may be slowed by cold attacks.


Message History

The poisoned dart closely misses the goblin.
The poisoned dart hits Robin.
The goblin closely misses you. The goblin barely misses you.
The goblin hits you with a +0 dagger.
Throw: 2 darts (poison)
Press: ? - help, Q - select action, (/) - cycle Shift-Dir - straight line, f/p - Robin
Aim: Robin, wielding a +0 trident, wearing a +0 animal skin and wearing a +0 helmet (62% to hit)
You throw a poisoned dart.
The poisoned dart barely misses the goblin.
The poisoned dart closely misses Robin.
The poisoned dart barely misses the hobgoblin.
The poisoned dart hits the hobgoblin.
The hobgoblin is poisoned.
Robin misses you. The goblin hits you with a +0 dagger.
The goblin hits you but does no damage. The goblin closely misses you.
Throw: dart (poison)
Press: ? - help, Q - select action, (/) - cycle Shift-Dir - straight line, f/p - Robin
Aim: Robin, wielding a +0 trident, wearing a +0 animal skin and wearing a +0 helmet (62% to hit)
You throw a poisoned dart. The poisoned dart hits the goblin.
The goblin is poisoned.
Robin roars a battlecry!
The goblins go into a battle-frenzy!
The goblin hits you with a +0 dagger. x3
Your magical contamination has completely faded away.
Throw: 6 boomerangs
Press: ? - help, Q - select action, (/) - cycle Shift-Dir - straight line, f/p - Robin
Aim: Robin, wielding a +0 trident, wearing a +0 animal skin and wearing a +0 helmet (62% to hit)
You throw a boomerang.
The boomerang closely misses the goblin.
The boomerang hits Robin.
Robin is lightly wounded.
You kill the goblin!
Robin throws the goblin at you! The goblin hits you with a +0 dagger.
The goblin barely misses you. Robin throws the goblin at you!
You feel yourself speed up.
You kill the hobgoblin!
The goblin misses you. The goblin closely misses you.
Robin hits you from afar with a +0 trident.
* * * LOW HITPOINT WARNING * * *
Found a stone staircase leading up.
The goblin hits you with a +0 dagger.
You die...

... #g# #.#
#g# #g# #g# <
#g#####...
#####(........
#.....@....##
#....gg.####
#.......#
#.......#
#####..## ##.#
#.. ###


You could see Robin, a hobgoblin (strong) and 5 goblins.

Vanquished Creatures
  2 dart slugs (D:1)
  2 ball pythons (D:1)
  2 bats (D:1)
  4 endoplasms (D:1)
  2 giant cockroaches (D:1)
  5 hobgoblins
  3 jackals (D:1)
  2 frilled lizards (D:1)
  3 goblins
  A kobold (D:1)
  A rat (D:1)
27 creatures vanquished.

Vanquished Creatures (others)
  60 foxfires (D:1)
  5 plants (D:1)
65 creatures vanquished.

Grand Total: 92 creatures vanquished

Notes
Turn   | Place    | Note
-------+----------+-------------------------------------------
     0 | D:1      | NinjaNoafa the Draconian Fire Elementalist began the quest
                  | for the Orb.
     0 | D:1      | Reached XP level 1. HP: 14/14 MP: 3/3
   337 | D:1      | Found a faded altar of an unknown god.
   345 | D:1      | Reached XP level 2. HP: 20/20 MP: 0/5
  1157 | D:1      | Reached XP level 3. HP: 26/26 MP: 2/6
  1220 | D:1      | Learned a level 2 spell: Scorch
  1423 | D:2      | Noticed Robin
  1435 | D:2      | Slain by a goblin

Illustrated notes

Levels and vault maps discovered:
D:1:      minmay_arrival_diagonal_passages, layout_basic, serial_forest,
          infiniplex_forest_end_2, infiniplex_forest_lined_room_,
          infiniplex_forest_lined_2, infiniplex_forest_zigzag_1,
          infiniplex_forest_3_way, infiniplex_forest_end_2,
          infiniplex_forest_fountain, basic_ecumenical_altar,
          kennysheep_pointless_box
D:2:      layout_rooms, basic_altar, uniq_robin

Skill      XL: |  1 |
---------------+----+-----
Dodging        | 2 |  2.2
Stealth        | |  1.7
Spellcasting   | |  2.4
Conjurations   | |  1.7
Fire Magic     | |  3.3

Action                   || total
-------------------------++-------
Melee: Unarmed           ||     7
       Tailslap          ||     1
Throw: Dart              ||     6
       Boomerang         ||     1
 Cast: Foxfire           ||    40
       Scorch            ||     3
  Use: Potion            ||     2
Armor: Skin              ||    16
Dodge: Dodged            ||    35
